 Dungeon Crawl Stone Soup version 0.18.1-48-g4cf74bf (webtiles) character file.

76 sarahorange the Chucker (level 4, -6/45 HPs)
             Began as an Ogre Hunter on July 16, 2016.
             Mangled by Ijyb
             ... wielding a +0 dagger of electrocution
              (20 damage)
             ... on level 3 of the Dungeon.
             The game lasted 00:10:43 (1890 turns).

sarahorange the Chucker (Ogre Hunter)               Turns: 1890, Time: 00:10:43

Health: -6/45      AC:  5    Str: 18    XL:     4   Next: 32%
Magic:  4/4        EV: 10    Int: 10    God:
Gold:   103        SH:  0    Dex: 10    Spells: 0 memorised, 3 levels left

rFire  . . .     SeeInvis .     v - +2 short sword (holy)
rCold  . . .     Gourm    .     j - +1 robe {MR+}
rNeg   . . .     Faith    .     (no shield)
rPois  .         Spirit   .     (helmet restricted)
rElec  .         Dismiss  .     u - +0 cloak
rCorr  .         Reflect  .     (gloves unavailable)
SustAt .         Harm     .     (boots unavailable)
MR     +....                    (no amulet)
Stlth  ++........               (no ring)
                                p - ring of stealth

@: somewhat resistant to hostile enchantments, unstealthy
A: unfitting armour, tough skin 1
a: no special abilities


You were on level 3 of the Dungeon.
You were not hungry.

You visited 1 branch of the dungeon, and saw 3 of its levels.

You collected 103 gold pieces.

Inventory:

Hand Weapons
 v - a +2 short sword of holy wrath (weapon)
Missiles
 e - 89 stones (quivered)
 l - 11 poisoned needles
Armour
 j - a +1 robe of magic resistance (worn)
 u - a +0 cloak (worn)
Jewellery
 p - a ring of stealth (left hand)
Scrolls
 a - 4 scrolls of identify {unknown}
 o - a scroll of recharging {unknown}
 r - a scroll of amnesia {unknown}
 s - a scroll of remove curse {unknown}
 t - 3 scrolls of teleportation {unknown}
 x - a scroll of noise {unknown}
Potions
 i - a potion of curing {unknown}
 m - a potion of ambrosia {unknown}
 n - a potion of lignification {unknown}
 q - a potion of brilliance {unknown}
 w - a potion of degeneration {unknown}
Comestibles
 b - 2 chunks of flesh
 f - a bread ration
 g - a beef jerky
 h - 3 meat rations
 k - a slice of pizza


   Skills:
 + Level 3.2 Fighting
 + Level 0.1 Short Blades
 + Level 5.0 Throwing
 + Level 2.3 Dodging
 + Level 1.1 Stealth


You had 3 spell levels left.
You didn't know any spells.

Dungeon Overview and Level Annotations

Branches:
Dungeon (3/15)

Altars:
Cheibriados

Annotations:
D:3 Ijyb


Innate Abilities, Weirdness & Mutations

You are too large for most types of armour.
You have tough skin (AC +1).


Message History

Ijyb shouts!
You hit the kobold.
You kill the kobold!
Things that are here:
a throwing net; a kobold corpse You barely miss Ijyb.
Ijyb screams, "It's all mine!"
Ijyb hits you but does no damage.
You hit Ijyb.
Ijyb is lightly wounded.
Ijyb hits you but does no damage.
You closely miss Ijyb.
Ijyb is lightly wounded.
Ijyb zaps a wand.
The bolt of lightning hits you!
It is a wand of lightning.
You hit Ijyb but do no damage.
Ijyb is lightly wounded.
Ijyb zaps a wand.
The bolt of lightning hits you!
Ijyb hits you with a dagger of electrocution.
You are electrocuted!
You die...

...$...........
#...............
#...............
#...............
...............
.......(.....# #
...........# .#
#.......g..# #.
#........@.# ##.
...........##..
#...........#.#
##..........#.#
..............#
#............#######
#..................#
#..#.........รท.....#
...#...............#


You could see Ijyb.

Vanquished Creatures
  An adder (D:2)
  A worm (D:2)
  3 giant geckos
  An orc (D:2)
  5 bats
  5 giant cockroaches
  6 goblins
  2 hobgoblins (D:1)
  11 jackals (D:2)
  2 ball pythons
  4 giant newts
  7 kobolds
  6 rats
54 creatures vanquished.

Notes
Turn   | Place    | Note
--------------------------------------------------------------
     0 | D:1      | sarahorange the Ogre Hunter began the quest for the Orb.
     0 | D:1      | Reached XP level 1. HP: 22/22 MP: 1/1
   177 | D:1      | Reached XP level 2. HP: 29/29 MP: 2/2
   933 | D:2      | Reached XP level 3. HP: 34/36 MP: 3/3
  1103 | D:2      | Found a snail-covered altar of Cheibriados.
  1216 | D:2      | Reached skill level 5 in Throwing
  1300 | D:2      | Reached XP level 4. HP: 33/45 MP: 4/4
  1344 | D:2      | Reached skill level 1 in Stealth
  1874 | D:3      | Noticed Ijyb
  1890 | D:3      | Mangled by Ijyb

Skill      XL: |  1  2  3  4 |
---------------+-------------+-----
Dodging        | 2 |  2.3
Fighting       | 3 |  3.2
Throwing       | 5 |  5.0
Stealth        | 1 |  1.1
Short Blades   | |  0.1

Action                   |  1- 3 |  4- 6 || total
-------------------------+-------+-------++-------
Melee: Short sword       |    90 |    34 ||   124
Throw: Large rock        |    49 |    17 ||    66
       Throwing net      |     9 |     4 ||    13
       Stone             |       |     2 ||     2
 Stab: Sleeping          |       |     2 ||     2
       Held in net/web   |       |     1 ||     1
  Eat: Chunk             |     1 |     2 ||     3
Armor: Robe              |    36 |    12 ||    48
Dodge: Dodged            |    62 |    14 ||    76
